 Dungeon Crawl Stone Soup version 0.16-a0-4097-gb4d75fa (webtiles) character file.

141 Chiseanne the Ducker (level 5, 0/39 HPs)
             Began as a Demonspawn Wanderer on Feb 25, 2015.
             Slain by Crazy Yiuf
             ... wielding a +4 quarterstaff of chaos
              (8 damage)
             ... on level 2 of the Dungeon.
             The game lasted 00:05:43 (2221 turns).

Chiseanne the Ducker (Demonspawn Wanderer)          Turns: 2221, Time: 00:05:44

Health: 0/39       AC:  8    Str: 12    XL:     5   Next: 3%
Magic:  5/5        EV: 13    Int: 13    God:
Gold:   138        SH:  0    Dex: 14    Spells: 0 memorised, 4 levels left

rFire  . . .     SeeInvis .     a - +4 dagger (flame)
rCold  . . .     Clarity  .     j - +0 leather armour
rNeg   . . .     SustAb   .     (no shield)
rPois  .         Gourm    .     n - +1 helmet
rElec  .         Spirit   .     (no cloak)
rCorr  .         Warding  .     g - +1 pair of gloves
rMut   .         Stasis   .     (no boots)
MR     .....                    (no amulet)
Stlth  +.........               (no ring)
                                (no ring)

@: confused, lethally poisoned (0 -> -5), not resistant to hostile enchantments,
very unstealthy
A: talons 1, icy blue scales 1, spiny 1
a: no special abilities


You were on level 2 of the Dungeon.
You were not hungry.

You visited 1 branch of the dungeon, and saw 2 of its levels.

You collected 138 gold pieces.

Inventory:

Hand weapons
 a - a +4 dagger of flaming (weapon)
Missiles
 c - 137 stones (quivered)
 k - 21 arrows
Armour
 g - a +1 pair of gloves (worn)
 j - a +0 leather armour (worn)
 n - a +1 helmet (worn)
Magical devices
 m - a wand of digging (0)
Scrolls
 d - a scroll of teleportation
 e - a scroll of remove curse {unknown}
 h - a scroll of amnesia {unknown}
 l - a scroll of identify {unknown}
Comestibles
 f - a bread ration


   Skills:
 * Level 2.4 Fighting
   Level 1.7 Maces & Flails
   Level 1.7 Polearms
 - Level 1.0 Armour
 * Level 3.9 Dodging
 - Level 1.7 Stealth
   Level 1.0 Shields


You had 4 spell levels left.
You didn't know any spells.

Dungeon Overview and Level Annotations

Branches:
Dungeon (2/15)

Altars:
Dithmenos
Gozag
Nemelex Xobeh
Zin

Annotations:
D:2 Crazy Yiuf


Innate Abilities, Weirdness & Mutations

You have sharp toenails.
You are partially covered in icy blue scales (AC +1).
You are partially covered in sharp spines.


Message History

You hit Crazy Yiuf but do no damage.
Crazy Yiuf is lightly wounded.
You feel sick.
Crazy Yiuf hits you with a quarterstaff of chaos!
* * * LOW HITPOINT WARNING * * *
You aren't carrying any potions.
Unknown command.
Read which item? (? for menu, Esc to quit)
As you read the scroll of fear, it crumbles to dust.
You assume a fearsome visage.
Crazy Yiuf looks frightened!
You feel sick.
Crazy Yiuf zaps a wand.
You are confused.
It is a wand of confusion.
Crazy Yiuf prays for help.
Cornered, Crazy Yiuf turns to fight!
Crazy Yiuf zaps a wand.
You are more confused.
You bump into the stone wall.
You feel sick. Crazy Yiuf is struck by your spines.
Crazy Yiuf hits you with a quarterstaff of chaos!
You die...

......###.....#####.###.....###..
......'.......................'..
......####...######.###.....###..
......# ##### ###.......# ##)
......# ###.###.# ## ......#####
##### #.......# # #'#...##..#
#)..# ###.##### #.#...#.#.# #.g.#
#.# #.#....##.# #..@# #.# #
#.#...###.# ##'## #.# #
.....####.# ♣.♣♣ #.# #######
..........# ♣♣.♣ #.# #.....)
...#.###### ♣.♣♣ #.# #.#####
#.##.# ♣♣.♣ #.###.# # #.##.#
♣♣.♣♣ #.....# # .....# ♣♣...♣
####### # #.#### ♣....♣


You could see Crazy Yiuf.

Vanquished Creatures
  Sigmund (D:2)
  Robin (D:1)
  An adder (D:1)
  A giant gecko (D:1)
  16 goblins
  5 hobgoblins
  2 jackals (D:2)
  5 kobolds
  3 bats (D:1)
  4 giant cockroaches
  6 giant newts
  A rat (D:2)
46 creatures vanquished.

Notes
Turn   | Place    | Note
--------------------------------------------------------------
     0 | D:1      | Chiseanne, the Demonspawn Wanderer, began the quest for the Orb.
     0 | D:1      | Chiseanne set off with: a +2 dagger, a scroll of fear, a +0 spear, a scroll of teleportation, a +0 robe, a bread ration
     0 | D:1      | Reached XP level 1. HP: 15/15 MP: 1/1
   176 | D:1      | Gained mutation: You have sharp toenails. [demonic ancestry]
   176 | D:1      | Reached XP level 2. HP: 21/21 MP: 2/2
   729 | D:1      | Reached skill level 2 in Dodging
   874 | D:1      | Gained mutation: You are partially covered in icy blue scales (AC +1). [demonic ancestry]
   874 | D:1      | Reached XP level 3. HP: 23/27 MP: 3/3
  1072 | D:2      | Found an opulent altar of Gozag.
  1073 | D:2      | Found a shadowy altar of Dithmenos.
  1397 | D:2      | Found a glowing silver altar of Zin.
  1399 | D:2      | Found a sparkling altar of Nemelex Xobeh.
  1489 | D:2      | Noticed Sigmund
  1489 | D:2      | Noticed Robin
  1742 | D:1      | Killed Robin
  1742 | D:1      | Reached skill level 3 in Dodging
  1794 | D:2      | Gained mutation: You are partially covered in sharp spines. [demonic ancestry]
  1794 | D:2      | Reached XP level 4. HP: 22/33 MP: 4/4
  1868 | D:2      | Killed Sigmund
  1868 | D:2      | Reached XP level 5. HP: 13/39 MP: 5/5
  2213 | D:2      | Noticed Crazy Yiuf
  2221 | D:2      | Slain by Crazy Yiuf

Action                   |  1- 3 |  4- 6 || total
-------------------------+-------+-------++-------
Melee: Dagger            |   205 |    12 ||   217
  Use: Scroll            |     2 |     1 ||     3
       Potion            |       |     1 ||     1
 Stab: Sleeping          |     2 |       ||     2
  Eat: Chunk             |     3 |     1 ||     4
